 Dungeon Crawl Stone Soup version 0.27.1-3-gb3d3a73c9e (webtiles) character file.

Game seed: 7616966311196945084

788 styxcanada the Covert (level 7, -3/35 HPs)
             Began as a Spriggan Brigand on Oct 14, 2021.
             Slain by a gnoll (7 damage)
             ... on level 4 of the Dungeon.
             The game lasted 00:22:37 (4918 turns).

styxcanada the Covert (Spriggan Brigand)            Turns: 4918, Time: 00:22:40

Health: -3/35      AC:  3    Str:  7    XL:     7   Next: 56%
Magic:  11/11      EV: 19    Int: 13    God:
Gold:   58         SH:  0    Dex: 18    Spells: 5/10 levels left

rFire    . . .     SeeInvis +   r - +1 dagger (venom)
rCold    . . .     Faith    .   (shield restricted)
rNeg     . . .     Spirit   .   b - +0 robe
rPois    .         Reflect  .   (helmet restricted)
rElec    .         Harm     .   c - +0 cloak
rCorr    .         Rampage  .   (gloves unavailable)
Will     +....                  (boots unavailable)
Stlth    ++++......             (no amulet)
HPRegen  0.11/turn              (no ring)
MPRegen  0.12/turn              (no ring)

@: very quick
A: very small, no large weapons, unfitting armour, see invisible, speed 3
a: no special abilities


You were on level 4 of the Dungeon.
You visited 1 branch of the dungeon, and saw 4 of its levels.

You collected 58 gold pieces.

Inventory:

Hand Weapons
 a - a +2 dagger
 f - a +0 short sword of draining
 m - a +0 hunting sling
 n - a +2 quarterstaff of chaos
 q - a +2 dagger of speed
 r - a +1 dagger of venom (weapon)
Missiles
 g - 115 stones (quivered)
 h - 2 throwing nets
Armour
 b - a +0 robe (worn)
 c - a +0 cloak (worn)
Wands
 p - a wand of digging (3)
Scrolls
 j - 2 scrolls of identify
 u - a scroll of enchant armour {unknown}
Potions
 d - a potion of degeneration {unknown}
 k - 2 potions of flight
 s - a potion of resistance
 t - a potion of ambrosia


   Skills:
 * Level 2.7 Fighting
 + Level 3.4 Short Blades
 + Level 0.5(2.8) Slings
 + Level 3.7 Throwing
 * Level 4.2 Dodging
 * Level 9.1 Stealth
 * Level 2.3 Spellcasting
 * Level 2.6 Hexes
 * Level 2.4 Evocations


You had 5 spell levels left.
You knew the following spells:

 Your Spells              Type           Power      Damage    Failure   Level
a - Slow                  Hex            8%         N/A       13%         2
b - Confusing Touch       Hex            8%         N/A       26%         3

Your spell library contained the following spells:

 Spells                   Type           Power      Damage    Failure   Level
 Vampiric Draining        Necr           0%         2d6       58%         3
 Animate Dead             Necr           0%         N/A       94%         4
 Borgnjor's Vile Clutch   Necr/Erth      0%         N/A       100%        5
 Death Channel            Necr           0%         N/A       100%        6


Dungeon Overview and Level Annotations

Branches:
Dungeon (4/15)
 Temple: D:4-7

Altars:
Elyvilon
Fedhas
Qazlal
Trog


Innate Abilities, Weirdness & Mutations

You are very small and have problems with some larger weapons.
You are too small for most types of armour.
You have supernaturally acute eyesight. (SInv)
You cover ground extremely quickly. (Speed+++)


Message History

Fire: 119 stones
Press: ? - help, Q - select action, (/) - cycle Shift-Dir - straight line, f/p - gnoll sergeant
Aim: a gnoll sergeant, wielding a +2 vampiric spear, wearing a +0 ring mail and wearing a +0 kite shield (heavily wounded, 73% to hit)
You shoot a stone. The stone hits the gnoll sergeant.
The gnoll sergeant is severely wounded.
Fire: 118 stones
Press: ? - help, Q - select action, (/) - cycle Shift-Dir - straight line, f/p - gnoll sergeant
Aim: a gnoll sergeant, wielding a +2 vampiric spear, wearing a +0 ring mail and wearing a +0 kite shield (severely wounded, 73% to hit)
You shoot a stone.
The stone hits the gnoll sergeant but does no damage.
The gnoll sergeant is severely wounded.
The gnoll sergeant hits you from afar with a +2 vampiric spear!
The gnoll sergeant draws strength from your wounds!
Fire: 117 stones
Press: ? - help, Q - select action, (/) - cycle Shift-Dir - straight line, f/p - gnoll sergeant
Aim: a gnoll sergeant, wielding a +2 vampiric spear, wearing a +0 ring mail and wearing a +0 kite shield (moderately wounded, 73% to hit)
You shoot a stone.
The stone closely misses the gnoll sergeant.
The stone hits the jelly.
The jelly is lightly wounded.
Fire: 116 stones
Press: ? - help, Q - select action, (/) - cycle Shift-Dir - straight line, f/p - gnoll sergeant
Aim: a gnoll sergeant, wielding a +2 vampiric spear, wearing a +0 ring mail and wearing a +0 kite shield (moderately wounded, 73% to hit)
You shoot a stone.
The stone hits the gnoll sergeant but does no damage.
The gnoll sergeant is moderately wounded.
The gnoll sergeant hits you from afar with a +2 vampiric spear.
The gnoll sergeant draws strength from your wounds!
Your +1 dagger of venom begins to drip with poison!
r - a +1 dagger of venom (weapon)
You barely miss the gnoll.
The gnoll is almost dead.
The gnoll sergeant hits you from afar with a +2 vampiric spear.
You hit the gnoll.
The gnoll is poisoned.
The gnoll is almost dead.
The gnoll sergeant hits you from afar with a +2 vampiric spear!
* * * LOW HITPOINT WARNING * * *
The gnoll sergeant draws strength from your wounds!
The gnoll hits you with a +0 flail!
You die...

...................# #.........#
...................# +.........#
...................# #.........#
...############'#### #####g...##
...# #........# #...#..J.#. ...#
#........# #..........
>.†#####...###.## #####...J##
##.....#...###.########..#(......
.#.....'...(....@.g(g.((.gg......
.'.....#........g.JJ.g...#.......
##.....###################.......
####### ########


You could see a gnoll sergeant, 2 jellies and 3 gnolls.

Vanquished Creatures
  Grinder (D:3)
  A water moccasin (D:4)
  A scorpion (D:4)
  A jelly (D:4)
  Crazy Yiuf (D:2)
  Jessica (D:3)
  2 orc wizards
  Natasha (thrice) (D:2)
  A hound skeleton (D:4)
  7 gnolls
  2 adders
  An adder skeleton (D:4)
  2 worms (D:2)
  A dart slug (D:2)
  20 orcs
  9 ball pythons
  8 bats
  9 endoplasms
  3 giant cockroaches
  4 goblins
  3 hobgoblins
  4 quokkas
  2 frilled lizards
  10 kobolds
  4 rats
101 creatures vanquished.

Notes
Turn   | Place    | Note
-------+----------+-------------------------------------------
     0 | D:1      | styxcanada the Spriggan Brigand began the quest for the
                  | Orb.
     0 | D:1      | Reached XP level 1. HP: 10/10 MP: 2/2
    46 | D:1      | Reached skill level 6 in Stealth
   253 | D:1      | Reached XP level 2. HP: 15/15 MP: 3/3
   798 | D:2      | Reached XP level 3. HP: 8/18 MP: 4/4
   811 | D:2      | Reached skill level 7 in Stealth
  1171 | D:2      | Found a runed translucent door.
  1172 | D:2      | Noticed Crazy Yiuf
  1204 | D:2      | Killed Crazy Yiuf
  1205 | D:2      | Reached XP level 4. HP: 23/23 MP: 5/5
  1458 | D:2      | Learned a level 2 spell: Slow
  1705 | D:2      | Noticed Natasha
  1710 | D:2      | Killed Natasha
  1711 | D:2      | Reached skill level 8 in Stealth
  1711 | D:2      | Reached XP level 5. HP: 26/26 MP: 6/6
  1717 | D:2      | Noticed Natasha
  1776 | D:2      | Killed Natasha
  1788 | D:2      | Noticed Natasha
  1812 | D:2      | Killed Natasha
  2028 | D:2      | Reached skill level 1 in Spellcasting
  2227 | D:2      | Reached skill level 1 in Hexes
  2496 | D:3      | Reached skill level 1 in Evocations
  2680 | D:3      | Reached XP level 6. HP: 30/30 MP: 8/8
  2838 | D:3      | Noticed Grinder
  2870 | D:3      | HP: 1/30 [Grinder (7)]
  2875 | D:3      | Paralysed by Grinder for 3 turns
  2876 | D:3      | Killed Grinder
  3233 | D:3      | Found a faded altar of an unknown god.
  3471 | D:3      | Reached XP level 7. HP: 31/35 MP: 10/10
  3609 | D:3      | Learned a level 3 spell: Confusing Touch
  3731 | D:3      | Noticed Jessica
  3743 | D:3      | Killed Jessica
  3744 | D:3      | Reached skill level 9 in Stealth
  3820 | D:3      | Found a blossoming altar of Fedhas.
  3821 | D:3      | Found a stormy altar of Qazlal.
  3823 | D:3      | Found a white marble altar of Elyvilon.
  3825 | D:3      | Found a bloodstained altar of Trog.
  4918 | D:4      | Slain by a gnoll

Illustrated notes

Levels and vault maps discovered:
D:1:      saegor_arrival_simple_b, layout_rooms
D:2:      layout_rooms, minmay_misc_feat_encased, uniq_crazy_yiuf_cottage,
          uniq_natasha
D:3:      layout_loops_ring, mainiacjoe_overflow_alcove_3,
          basic_ecumenical_altar, uniq_grinder, uniq_jessica
D:4:      layout_gridville, kennysheep_generic_room_15

Skill      XL: |  1  2  3  4  5  6  7 |
---------------+----------------------+-----
Stealth        | 6 7 8 9 |  9.1
Dodging        | 2 3 4 |  4.2
Fighting       | 2 |  2.7
Spellcasting   | 1 2 |  2.3
Hexes          | 1 2 |  2.6
Evocations     | 1 2 |  2.4
Throwing       | 3 |  3.7
Short Blades   | 3 |  3.4
Slings         | |  0.5

Action                   |  1- 3 |  4- 6 |  7- 9 || total
-------------------------+-------+-------+-------++-------
Melee: Dagger            |    17 |    84 |    82 ||   183
       Short sword       |    73 |    30 |       ||   103
 Fire: Hunting sling     |       |    11 |    13 ||    24
Throw: Dart              |    16 |    51 |    32 ||    99
       Stone             |       |     4 |     1 ||     5
 Cast: Slow              |       |       |     2 ||     2
       Confusing Touch   |       |       |     1 ||     1
Evoke: Wand              |       |       |     4 ||     4
  Use: Scroll            |       |     5 |     3 ||     8
       Potion            |       |     1 |     1 ||     2
 Stab: Distracted        |     2 |       |       ||     2
       Sleeping          |     7 |     7 |     1 ||    15
Armor: Robe              |    12 |     4 |    12 ||    28
Dodge: Dodged            |    67 |    75 |    58 ||   200
